 Dungeon Crawl Stone Soup version 0.31.0-11-ge490571c62 (webtiles) character file.

Game seed: 1932669873790773796

344 monsoonserge the Chopper (level 6, -1/55 HPs)
             Began as a Hill Orc Fighter on Jan 30, 2024.
             Slain by a gnoll bouda
             ... wielding a +0 whip
              (8 damage)
             ... on level 4 of the Dungeon.
             The game lasted 00:07:43 (2856 turns).

monsoonserge the Chopper (Hill Orc Fighter)         Turns: 2856, Time: 00:07:43

Health: -1/55      AC:  9    Str: 21    XL:     6   Next: 58%
Magic:  6/6        EV:  8    Int:  8    God:
Gold:   158        SH:  4    Dex: 10    Spells: 5/5 levels left

rFire   . . .        a - +0 war axe
rCold   . . .        c - +0 buckler
rNeg    . . .        k - +0 chain mail
rPois   +            (no helmet)
rElec   .            (no cloak)
rCorr   .            (no gloves)
SInv    .            (no boots)
Will    .....        (no amulet) Stlth
                     i - ring of poison resistance
HPRegen 0.29/turn    (no ring)
MPRegen 0.10/turn

%: no passive effects
@: mighty, weakened
A: no striking features
a: no special abilities


You were on level 4 of the Dungeon.
You visited 1 branch of the dungeon, and saw 4 of its levels.

You collected 158 gold pieces.

Inventory:

Hand Weapons
 a - a +0 war axe (weapon)
Armour
 c - a +0 buckler (worn)
 k - a +0 chain mail (worn)
Jewellery
 g - a ring of ice
 i - a ring of poison resistance (left hand)
 l - a +6 ring of intelligence
Scrolls
 e - 2 scrolls of fear {unknown}
 f - a scroll of immolation
 h - 3 scrolls of poison {unknown}
 n - a scroll of revelation {unknown}
 o - a scroll of teleportation {unknown}
Potions
 b - a potion of lignification
 j - a potion of haste
 m - 2 potions of curing


   Skills:
 + Level 4.9 Fighting
 + Level 5.2 Axes
 + Level 5.0 Armour
 + Level 0.6 Dodging
 + Level 0.4 Stealth
 + Level 4.4 Shields


You had 5 spell levels left.
You didn't know any spells.
Your spell library contained the following spells:

 Spells                   Type           Power      Damage    Failure   Level
 Apportation              Tloc           0%         N/A       98%         1
 Jinxbite                 Hex            0%         N/A       99%         2
 Static Discharge         Conj/Air       0%         3-3/arc   99%         2
 Tukima's Dance           Hex            0%         N/A       100%        3
 Airstrike                Air            0%         2d(0-16)  100%        4
 Passage of Golubria      Tloc           0%         N/A       100%        4
 Summon Lightning Spire   Summ/Air       0%         N/A       100%        4
 Alistair's Intoxication  Alch           0%         N/A       100%        5
 Yara's Violent Unravell  Hex/Alch       0%         3d3       100%        5


Dungeon Overview and Level Annotations

Branches:
Dungeon (4/15)
 Temple: D:4-7

Altars:
Ashenzari
Uskayaw
Vehumet

Shops:
D:1 *:


Message History

The gnoll bouda barks out a call to the hunt!
The gnoll picks up the pace!
The jackal bites you but does no damage.
You closely miss the gnoll bouda. You miss the jackal.
The jackal bites you but does no damage.
The gnoll bouda gazes fiercely through you!
You feel your attacks grow feeble. The gnoll bouda closely misses you.
The jackal bites you but does no damage.
Unknown command.
You barely miss the gnoll bouda. You barely miss the jackal.
The jackal barely misses you.
The gnoll bouda gazes fiercely through you!
You feel as though you will be weak longer.
The gnoll bouda hits you but does no damage.
The jackal bites you but does no damage.
You hit the gnoll bouda.
The gnoll bouda is moderately wounded.
You closely miss the jackal.
The jackal bites you but does no damage.
The gnoll bouda barely misses you. The jackal bites you.
* * * LOW HITPOINT WARNING * * *
Unknown command.
You hit the gnoll bouda.
The gnoll bouda is moderately wounded.
You barely miss the jackal. The gnoll bouda barely misses you.
The jackal barely misses you. You block the gnoll bouda's attack.
You closely miss the gnoll bouda.
The gnoll bouda is moderately wounded.
You hit the jackal. The jackal bites you.
* * * LOW HITPOINT WARNING * * *
The gnoll bouda hits you with a +0 whip.
* * * LOW HITPOINT WARNING * * *
The jackal bites you but does no damage.
You hit the gnoll bouda.
The gnoll bouda is severely wounded.
You barely miss the jackal.
The jackal bites you but does no damage.
The gnoll bouda hits you with a +0 whip!
You die...

#..........#####.#
..#..........#
#.#.#####...##
#.#.####..#)### #####
#.#.#.........#
....####.#...###g#.#.#
............## #h#.#.#
....#####..## #h#.#.#
)...)......# #@#.#.#
....##).########g#.#.#
....)..##.......g#.#.#
.#'######..........#.#
...######......)####
.......))....###..$..#
...######.g###..######
.>.# #.##....# ##..
#..#.....#


You could see a gnoll bouda, a gnoll (swift), 2 jackals and a goblin.

Vanquished Creatures
  An ogre (D:4)
  Terence (D:3)
  An orc wizard (D:4)
  8 gnolls
  5 adders
  A white imp (D:3)
  2 dart slugs
  A ribbon worm (D:2)
  2 orcs (D:4)
  7 ball pythons
  4 bats
  5 endoplasms
  4 goblins
  6 hobgoblins
  6 jackals
  9 kobolds
  5 quokkas
  2 frilled lizards
  5 rats
75 creatures vanquished.

Notes
Turn   | Place    | Note
-------+----------+-------------------------------------------
     0 | D:1      | monsoonserge the Hill Orc Fighter began the quest for the
                  | Orb.
     0 | D:1      | Reached XP level 1. HP: 19/19 MP: 1/1
    84 | D:1      | Reached XP level 2. HP: 6/27 MP: 2/2
   314 | D:1      | Reached XP level 3. HP: 20/33 MP: 3/3
   505 | D:1      | Found Zeomoe's Assorted Antiques.
   572 | D:1      | Found Onaz's Book Boutique.
  1192 | D:2      | Reached XP level 4. HP: 40/40 MP: 4/4
  1794 | D:3      | Noticed Terence
  1816 | D:3      | Killed Terence
  2174 | D:3      | Reached XP level 5. HP: 42/46 MP: 5/5
  2695 | D:4      | Found a hide-covered altar of Uskayaw.
  2695 | D:4      | Found a radiant altar of Vehumet.
  2794 | D:4      | Reached XP level 6. HP: 48/53 MP: 6/6
  2823 | D:4      | Found a broken altar of Ashenzari.
  2841 | D:4      | Reached skill level 5 in Axes
  2841 | D:4      | Reached skill level 5 in Armour
  2856 | D:4      | Slain by a gnoll bouda

Illustrated notes

Levels and vault maps discovered:
D:1:      lightli_arrival_noodles, layout_basic, serial_shops, shop, shop,
          minmay_misc_feat_chi, minmay_indecisive_spiral
D:2:      layout_loops_cross
D:3:      layout_rooms, uniq_terence
D:4:      layout_basic, nicolae_ashenzari_skybound,
          gammafunk_temple_overflow_wave

Skill      XL: |  1  2  3  4  5  6 |
---------------+-------------------+-----
Fighting       | 4 |  4.9
Armour         | 4 5 |  5.0
Axes           | 3 4 5 |  5.2
Shields        | 4 |  4.4
Dodging        | |  0.6
Stealth        | |  0.4

Action                     |  1- 3 |  4- 6 || total
---------------------------+-------+-------++-------
  Melee: War axe           |    97 |   166 ||   263
    Use: Scroll            |       |     5 ||     5
         Potion            |       |     1 ||     1
 Armour: Scale mail        |    58 |       ||    58
         Chain mail        |       |   155 ||   155
  Dodge: Dodged            |    43 |    75 ||   118
  Block: Buckler           |    25 |    46 ||    71
